 Dungeon Crawl Stone Soup version 0.26-a0-812-g31a745ddcd (webtiles) character file.

Game seed: 5249396794161984321

16 Lanoc the Gusty (level 2, 0/24 HPs)
             Began as an Ogre Air Elementalist on Dec 1, 2020.
             Succumbed to an adder's poison
             ... on level 3 of the Dungeon.
             The game lasted 00:01:07 (432 turns).

Lanoc the Gusty (Ogre Air Elementalist)              Turns: 432, Time: 00:01:08

Health: 0/24       AC:  3    Str: 11    XL:     2   Next: 54%
Magic:  1/5        EV: 10    Int: 16    God:
Gold:   13         SH:  0    Dex:  9    Spells: 4/5 levels left

rFire    + . .     SeeInvis .   (no weapon)
rCold    . . .     Faith    .   (no shield)
rNeg     . . .     Spirit   .   a - +0 robe
rPois    .         Reflect  .   (helmet restricted)
rElec    .         Harm     .   (no cloak)
rCorr    .         Rampage  .   (gloves unavailable)
MR       .....                  (boots unavailable)
Stlth    +.........             (no amulet)
HPRegen  0.08/turn              b - ring of protection from fire
MPRegen  0.09/turn              (no ring)

@: lethally poisoned (0 -> -6)
A: large, unfitting armour, tough skin 1
a: no special abilities


You were on level 3 of the Dungeon.
You visited 1 branch of the dungeon, and saw 3 of its levels.

You collected 13 gold pieces.

Inventory:

Armour
 a - a +0 robe (worn)
Jewellery
 b - a ring of protection from fire (left hand)


   Skills:
 + Level 2.0 Dodging
 - Level 1.4 Stealth
 - Level 2.4 Spellcasting
 + Level 1.2 Conjurations
 * Level 3.1 Air Magic


You had 4 spell levels left.
You knew the following spells:

 Your Spells              Type           Power        Failure   Level
a - Shock                 Conj/Air       #...         9%          1

Your spell library contained the following spells:

 Spells                   Type           Power        Failure   Level
 Swiftness                Air            ##......     9%          2
 Static Discharge         Conj/Air       #.......     24%         3
 Airstrike                Air            ##........   50%         4
 Lightning Bolt           Conj/Air       #.........   92%         5


Dungeon Overview and Level Annotations

Branches:
Dungeon (3/15)

Altars:
Cheibriados

Annotations:
D:3 Sigmund


Innate Abilities, Weirdness & Mutations

You are too large for most types of armour.
You have tough skin. (AC +1)


Message History

An orc comes into view. It is wielding a +0 short sword.
The orc shouts!
You hear a bark!
You hear a shout! x4
The orc throws a boomerang.
The boomerang hits you.
* * * LOW HITPOINT WARNING * * *
The weapon returns to the orc!
A hobgoblin comes into view. It is wielding a +0 club.
A rat comes into view.
An orc priest comes into view. It is wielding a +0 mace.
A hobgoblin comes into view. It is wielding a +0 club.
The hobgoblin closely misses you.
You hear a shout!
You hear a shout! x4
A rat comes into view.
* * * LOW HITPOINT WARNING * * *
You feel sick.
The giant cockroach completely misses you.
Sigmund casts a spell.
Sigmund flickers and vanishes!
Deactivating autopickup; reactivate with Ctrl-A.
You die...

.............#*≈,≈,,,,*,,,* *
#............#*≈≈,,,,,*,,** *
##..........##*≈≈≈,,,,*,,* **
#.h.(......#>+,≈,,,,,**,* *,
##.....>...#**≈≈,,,,,#*,* ****,
*#..........#**≈≈,,,,.#*,****,,,,
#............#*≈≈≈,,,.#,,,,,,,,,,
#............########.#,**,,,,**,
#..........?....@.g.g.#***,,***,,
#........h.......Bo...####.,*,,,*
#........<.......ogr.......,,,***
#.........###..#o{.oo......,,**
*,,,,***,***#..............,,,***
*,,,,* *,**....#...........,,,,,,
*,,,,***,,.r##.##.......#..,,,,,,
*,,,,*,,,,##*#,*#.#####..##,,,,,,
***,,,,,,,* *,,##* *#...,,,,,,


You could see an orc priest, 4 orcs, a jackal (wandering), a giant cockroach, 2
hobgoblins, a goblin and 2 rats.

Vanquished Creatures
  An adder (D:3)
  2 bats
  A giant cockroach (D:1)
  A hobgoblin (D:1)
  A frilled lizard (D:3)
  A rat (D:2)
7 creatures vanquished.

Notes
Turn   | Place    | Note
-------+----------+-------------------------------------------
     0 | D:1      | Lanoc the Ogre Air Elementalist began the quest for the
                  | Orb.
     0 | D:1      | Reached XP level 1. HP: 16/16 MP: 3/3
     4 | D:1      | Found a snail-covered altar of Cheibriados.
    33 | D:1      | Reached skill level 1 in Conjurations
   409 | D:3      | Reached XP level 2. HP: 24/24 MP: 3/5
   417 | D:3      | Reached skill level 3 in Air Magic
   429 | D:3      | Noticed Sigmund
   431 | D:3      | HP: 1/24 [poisoned by an adder]
   432 | D:3      | Succumbed to an adder's poison

Illustrated notes

Levels and vault maps discovered:
D:1:      heliophobic_arrival_henge, layout_rooms, grunt_decor_resistance,
          grunt_decor_fettered, serial_bayou_pond_e, cheibriados_altar_1
D:2:      minmay_roachtagon, layout_basic
D:3:      layout_rooms, nicolae_ru_the_path_less_chosen, minmay_goblin_outpost,
          uniq_natasha, uniq_terence, uniq_sigmund

Skill      XL: |  1  2 |
---------------+-------+-----
Conjurations   | 1 |  1.2
Dodging        | 2 |  2.0
Air Magic      | 3 |  3.1
Stealth        | |  1.4
Spellcasting   | |  2.4

Action                   || total
-------------------------++-------
Melee: Unarmed           ||    39
 Cast: Shock             ||    16
  Use: Scroll            ||     2
Armor: Robe              ||    14
Dodge: Dodged            ||    34

Table legend: (Time is in decaauts)
 A = Elapsed time spent in this place.
 B = Non-inter-level travel time spent in this place.
 C = Inter-level travel time spent in this place.
 D = Time resting spent in this place.
 E = Time spent auto-exploring this place.
 F = Levels seen in this place.
 G = Mean time per level.
                   A        B        C        D        E       F      G
               +--------+--------+--------+--------+--------+-----+--------+
         Total |    431 |    424 |      7 |      0 |    319 |   3 |  143.7 |
       Dungeon |    431 |    424 |      7 |      0 |    319 |   3 |  143.7 |
               +--------+--------+--------+--------+--------+-----+--------+

Top non-repeatable levels by time:
     D:1: 312 daAuts
     D:2: 94 daAuts
     D:3: 23 daAuts
